 Dungeon Crawl Stone Soup version 0.28.0-49-g6dfe1f597d (webtiles) character file.

Game seed: 5939781788360717049

24 NinjaNoafa the Insei (level 3, -1/28 HPs)
             Began as a Djinni Transmuter on May 11, 2022.
             Was a Follower of Cheibriados.
             Slain by an adder (3 damage)
             ... on level 2 of the Dungeon.
             The game lasted 00:01:39 (1024 turns).

NinjaNoafa the Insei (Djinni Transmuter)            Turns: 1024, Time: 00:01:40

Health: -1/28      AC:  2    Str: 11    XL:     3   Next: 15%
Gold:   50         EV: 12    Int: 18    God:    Cheibriados [*.....] SH:  0 Dex: 15

rFire   + + .      SeeInvis .   c - +1 hand axe (flame)
rCold   x . .      Faith    .   (no shield)
rNeg    . . .      Spirit   .   a - +0 robe
rPois   ∞          Reflect  .   (helmet currently unavailable)
rElec   .          Harm     .   (no cloak)
rCorr   .          Rampage  .   (no gloves)
Will    .....                   (boots unavailable)
Stlth   +.........              (no amulet)
HPRegen 0.09/turn               (no ring)
MPRegen 0.00/turn               (no ring)

@: appendages, flying, very slow
A: horns 2, flying, sickness immunity, fire resistance 2, cold vulnerability 1,
float, innate caster, HP casting, extra vitality 1
a: End Transformation, Renounce Religion, Bend Time


You were on level 2 of the Dungeon.
You worshipped Cheibriados.
Cheibriados was aware of your devotion.
You had temporarily grown beastly horns.
You visited 1 branch of the dungeon, and saw 2 of its levels.

You collected 50 gold pieces.

Inventory:

Hand Weapons
 c - a +1 hand axe of flaming (weapon)
Armour
 a - a +0 robe (worn)


   Skills:
 + Level 1.7 Fighting
 - Level 2.1 Dodging
 - Level 3.0 Unarmed Combat
 * Level 2.3 Spellcasting


You couldn't memorise any spells.
You knew the following spells:

 Your Spells              Type           Power      Damage    Failure   Level
a - Beastly Appendage     Tmut           20%        N/A       7%          1
b - Wereblood             Tmut           10%        N/A       10%         2
c - Spider Form           Tmut/Pois      10%        N/A       21%         3
d - Ice Form              Ice/Tmut       10%        N/A       54%         4
e - Sandblast             Erth           20%        2d7       7%          1
Your spell library was empty.

Dungeon Overview and Level Annotations

Branches:
Dungeon (2/15)

Altars:
Cheibriados


Innate Abilities, Weirdness & Mutations

You have temporarily grown beastly horns.
You are flying.
You are immune to sickness and miasma.
You are immune to poison.
Your flesh is very heat resistant. (rF++)
You are vulnerable to cold. (rC-)
You float through the air rather than walking.
You learn spells naturally, not from books.
Your magical power is your life essence.
You have superior vitality. (+4 MHP)


Message History

The goblin hits you with a +0 dagger.
Your transformation is almost over.
The kobold hits you with a +0 whip. The goblin hits you with a +0 dagger.
You barely miss the kobold. Your headbutt misses the kobold.
You barely miss the goblin. The kobold closely misses you.
The goblin hits you but does no damage. The kobold hits you with a +0 whip.
The goblin hits you with a +0 dagger.
You closely miss the kobold. You hit the goblin but do no damage.
The kobold closely misses you. The goblin hits you with a +0 dagger.
The kobold barely misses you.
The kobold throws a stone.
The stone hits you but does no damage. The kobold hits you with a +0 whip.
The goblin closely misses you.
An endoplasm comes into view.
Your horns disappear.
The adder hisses angrily.
The goblin hits you but does no damage.
You aren't carrying any potions.
As you read the scroll labelled ONYRHIZELA, it crumbles to dust.
It is a scroll of identify.
d - a scroll of fog The goblin closely misses you.
As you read the scroll of fog, it crumbles to dust.
The scroll dissolves into smoke.
The goblin hits you with a +0 dagger.
* * * LOW HITPOINT WARNING * * *
The goblin hits you with a +0 dagger.
* * * LOW HITPOINT WARNING * * *
The adder misses you.
Casting: Beastly Appendage (safe; 7% risk of failure)
Confirm with . or Enter, or press ? or * to list all spells.
You grow a pair of large bovine horns.
The endoplasm quivers.
* * * LOW HITPOINT WARNING * * *
The adder bites you.
* * * LOW HITPOINT WARNING * * *
The kobold hits you with a +0 whip.
* * * LOW HITPOINT WARNING * * *
Okay, then.
An endoplasm comes into view.
The adder bites you.
You die...

#...S###.........
#....#.......####
#.§§§#......##
#§§§§#K........
#§§§§#.......##
#.§K§§§........ . #
#gK§§§§K.....#.#
..J.#J#S###§§.....##..
.......@..........#
........####......#
####....# #......#
......# ########
.....##.# .#... #.#
###. #.# #.#


You could see an adder, 2 endoplasms, a goblin and 2 kobolds.

Vanquished Creatures
  A dart slug (D:1)
  An endoplasm (D:1)
  2 goblins (D:1)
  4 hobgoblins (D:1)
  4 jackals (D:1)
  2 ball pythons (D:1)
  A bat (D:1)
  2 frilled lizards (D:1)
  3 kobolds (D:1)
20 creatures vanquished.

Notes
Turn   | Place    | Note
-------+----------+-------------------------------------------
     0 | D:1      | NinjaNoafa the Djinni Transmuter began the quest for the
                  | Orb.
     0 | D:1      | Reached XP level 1. HP: 17/17 MP: 0/0
   238 | D:1      | Reached XP level 2. HP: 22/22 MP: 0/0
   718 | D:1      | Reached XP level 3. HP: 22/27 MP: 0/0
   718 | D:1      | Learned a level 1 spell: Sandblast
   960 | D:2      | Found a faded altar of an unknown god.
   967 | D:2      | Prayed at the altar of an unknown god.
   967 | D:2      | Became a worshipper of Cheibriados the Contemplative
   967 | D:2      | Reached * piety under Cheibriados
  1023 | D:2      | HP: 1/28 [kobold/+0 whip (2)]
  1024 | D:2      | Slain by an adder

Illustrated notes

Levels and vault maps discovered:
D:1:      minmay_arrival_hallway, layout_basic
D:2:      layout_basic, nicolae_ecumenical_oubliette

Skill      XL: |  1  2 |
---------------+-------+-----
Spellcasting   | 2 |  2.3
Fighting       | |  1.7
Dodging        | |  2.1
Unarmed Combat | |  3.0

Action                   || total
-------------------------++-------
Melee: Hand axe          ||    47
       Headbutt          ||     8
 Cast: Beastly Appendage ||    15
  Use: Scroll            ||     2
Armor: Robe              ||    14
Dodge: Dodged            ||    45
